 Dungeon Crawl Stone Soup version 0.31.0-11-ge490571c62 (webtiles) character file.

Game seed: 17103406099866577745

304 qw the Shooter (level 6, 0/30 HPs)
             Began as a Spriggan Hunter on Feb 3, 2024.
             Succumbed to a kobold brigand's poison
             ... on level 3 of the Dungeon.
             The game lasted 00:00:06 (2062 turns).

qw the Shooter (Spriggan Hunter)                    Turns: 2062, Time: 00:00:07

Health: 0/30       AC:  2    Str:  7    XL:     6   Next: 15%
Magic:  7/7        EV: 20    Int: 11    God:
Gold:   53         SH:  0    Dex: 20    Spells: 5/5 levels left

rFire   . . .        a - +0 shortbow
rCold   . . .        (shield currently unavailable)
rNeg    . . .        c - +0 robe
rPois   .            (helmet restricted)
rElec   .            (no cloak)
rCorr   .            (gloves unavailable)
SInv    +            (boots unavailable)
Will    +....        (no amulet)
Stlth   ++           (no ring)
HPRegen 0.25/turn    (no ring)
MPRegen 0.10/turn

%: no passive effects
@: lethally poisoned (0 -> -2), very quick
A: very small, no large weapons, unfitting armour, see invisible, speed 3
a: no special abilities


You were on level 3 of the Dungeon.
You visited 1 branch of the dungeon, and saw 3 of its levels.

You collected 123 gold pieces.
You spent 70 gold pieces at shops.


Innate Abilities, Weirdness & Mutations

You are very small and have problems with some larger weapons.
You are too small for most types of armour.
You have supernaturally acute eyesight. (SInv)
You cover ground extremely quickly. (Speed+++)


   Skills:
 - Level 2.1 Fighting
 - Level 6.3 Ranged Weapons
 + Level 5.2 Dodging
 - Level 1.5 Stealth


You had 5 spell levels left.
You didn't know any spells.
Your spell library was empty.

Inventory:

Hand Weapons
 a - a +0 shortbow (weapon)
Armour
 c - a +0 robe (worn)
 l - a +0 cloak
Scrolls
 b - a scroll of noise {unknown}
 i - a scroll of identify
 k - 3 scrolls of immolation {unknown}
Potions
 d - a potion of haste
 f - a potion of cancellation
 g - a potion of resistance {unknown}
 h - 2 potions of lignification {unknown}
 j - a potion of degeneration {unknown}

Dungeon Overview and Level Annotations

Branches:
Dungeon (3/15)

Altars:
Makhleb
Nemelex Xobeh
Uskayaw
Wu Jian
Yredelemnul

Shops:
D:2 ?

Annotations:
D:2 1 runed translucent door, Crazy Yiuf


Message History

The poisoned dart misses you.
You shoot an arrow.
The arrow barely misses the kobold brigand.
You feel very sick.
You shoot an arrow. The arrow hits the kobold brigand!
The kobold brigand is moderately wounded.
You feel sick.
The kobold brigand throws a poisoned dart.
The poisoned dart hits you!
You are lethally poisoned!
You shoot an arrow.
The arrow closely misses the kobold brigand.
You feel very sick.
You shoot an arrow. The arrow hits the kobold brigand!
The kobold brigand is severely wounded.
You feel very sick. The kobold brigand misses you.
You shoot an arrow.
The arrow barely misses the kobold brigand.
You feel sick.
The kobold brigand hits you with a +0 short sword.
2058 ||| READING scroll of teleportation.
As you read the scroll of teleportation, it crumbles to dust.
You feel strangely unstable.
You feel sick. The kobold brigand misses you.
You shoot an arrow.
The arrow closely misses the kobold brigand.
You feel sick.
You shoot an arrow.
The arrow closely misses the kobold brigand.
You feel sick. The kobold brigand misses you. The kobold completely misses you.
You shoot an arrow. The arrow hits the kobold brigand.
The kobold brigand is severely wounded.
You feel sick.
The kobold brigand completely misses you.
The kobold barely misses you.
You shoot an arrow. The arrow hits the kobold brigand!
You kill the kobold brigand!
Your surroundings suddenly seem different.
You die...

#.# #.......# #.# #.# #.......#
#.# #.## #####.### #.# #..# #.#
##.# ##.# #.# #..# #.#########.##
#.########## #............# #.#
#..).... ####.#####.###..######.#
#.##.... #.......##.###..@......#
#.##....
#.##.#............########.##.##.
#..#.#.###.#....#...(............
##.###.###.#........¤¤...........
###.##...........¤¤~.¤~~~~....##.
..##.#.#####...#.~...¤¤..~.##....
.#.#.#.# #.....~.#.###.~...###.
.##.#### #...#.~.#...#.~.......
#.##########...#.¤.#._.#.¤.#.##..


There were no monsters in sight!

Vanquished Creatures
  Sigmund (D:2)
  A kobold brigand (D:3)
  A hound (D:3)
  Jessica (D:2)
  4 adders
  2 dart slugs (D:2)
  A ribbon worm (D:2)
  5 ball pythons
  6 endoplasms
  A giant cockroach (D:2)
  6 goblins
  6 hobgoblins
  6 jackals
  5 kobolds
  A quokka (D:3)
  4 bats
  A frilled lizard (D:1)
  4 rats
56 creatures vanquished.

Notes
Turn   | Place    | Note
-------+----------+-------------------------------------------
     0 | D:1      | qw the Spriggan Hunter began the quest for the Orb.
     0 | D:1      | Reached XP level 1. HP: 10/10 MP: 2/2
     0 | D:1      | 0 ||| qw: Version: 0.3-a-157-g843a77d
     0 | D:1      | 0 ||| qw: Game counter: 3724
     0 | D:1      | 0 ||| qw: Melee chars always use a shield: true
     0 | D:1      | 0 ||| qw: God list: Okawaru
     0 | D:1      | 0 ||| qw: Allow faded altars: false
     0 | D:1      | 0 ||| qw: Do Orc after clearing Dungeon:15 true
     0 | D:1      | 0 ||| qw: Do second Lair branch before Depths: true
     0 | D:1      | 0 ||| qw: Lair rune preference: random
     0 | D:1      | 0 ||| qw: Goals: Normal
     0 | D:1      | 0 ||| PLANNING D:1-11
    64 | D:1      | Reached skill level 3 in Dodging
   172 | D:1      | Found a faded altar of an unknown god.
   263 | D:1      | Reached XP level 2. HP: 14/14 MP: 3/3
   622 | D:1      | 622 ||| READING scroll labelled HOOHE WAB.
   623 | D:1      | 623 ||| DROPPING scroll of butterflies.
   708 | D:2      | Found Juoxtidd's Magic Scroll Boutique.
   747 | D:2      | 747 ||| BUYING scroll of identify (20 gold).
   747 | D:2      | Bought a scroll of identify for 20 gold pieces
   747 | D:2      | 747 ||| BUYING scroll of identify (20 gold).
   747 | D:2      | Bought a scroll of identify for 20 gold pieces
   747 | D:2      | 747 ||| BUYING scroll of teleportation (30 gold).
   747 | D:2      | Bought a scroll of teleportation for 30 gold pieces
   747 | D:2      | 747 ||| SHOPLISTING scroll of teleportation (30 gold, have
                  | 19).
   790 | D:2      | Reached XP level 3. HP: 18/18 MP: 4/4
   844 | D:2      | Found a runed translucent door.
   845 | D:2      | Noticed Crazy Yiuf
   948 | D:2      | Noticed Sigmund
   954 | D:2      | Killed Sigmund
   955 | D:2      | Reached skill level 6 in Ranged Weapons
   955 | D:2      | Reached XP level 4. HP: 18/22 MP: 5/5
   955 | D:2      | Reached XP level 5. HP: 21/25 MP: 6/6
   984 | D:2      | Noticed Jessica
   988 | D:2      | Killed Jessica
   992 | D:2      | Found a basalt altar of Yredelemnul.
  1468 | D:2      | 1468 ||| READING 2 scrolls of identify.
  1468 | D:2      | 1468 ||| IDENTIFYING white potion
  1469 | D:2      | 1469 ||| READING scroll of identify.
  1469 | D:2      | 1469 ||| IDENTIFYING golden potion
  1470 | D:2      | 1470 ||| READING scroll labelled MOITYG ENOCWE.
  1520 | D:2      | 1520 ||| READING scroll labelled INISOPS ESTRA.
  1554 | D:3      | Found a basalt altar of Yredelemnul.
  1571 | D:3      | Found an ornate altar of the Wu Jian Council.
  1727 | D:3      | Reached XP level 6. HP: 20/30 MP: 7/7
  1775 | D:3      | Found a burning altar of Makhleb.
  1905 | D:3      | Found a hide-covered altar of Uskayaw.
  1973 | D:3      | Found a sparkling altar of Nemelex Xobeh.
  2057 | D:3      | HP: 6/30 [kobold brigand/+0 short sword (2)]
  2058 | D:3      | 2058 ||| READING scroll of teleportation.
  2059 | D:3      | HP: 2/30 [poisoned by a kobold brigand]
  2062 | D:3      | Succumbed to a kobold brigand's poison

Levels and vault maps discovered:
D:1:      grunt_arrival_crossed_arrows, layout_basic, serial_forest,
          infiniplex_forest_fountain, infiniplex_forest_straight_3,
          infiniplex_forest_lined_3, infiniplex_forest_straight_2,
          infiniplex_forest_lined_2, infiniplex_forest_lined_1,
          infiniplex_forest_clump_curved, ebering_ecumenical_altar_hall
D:2:      minmay_evil_eye, layout_loops_ring, serial_shops, shop, basic_altar,
          minmay_tetromino_t4, uniq_sigmund, uniq_jessica,
          uniq_crazy_yiuf_cottage
D:3:      layout_loops_cross, mainiacjoe_overflow_brackets, marbit_many_paths,
          mainiacjoe_overflow_alcove_2, mainiacjoe_overflow_boulevard,
          lemuel_round_altar, mainiacjoe_overflow_catwalk

Skill      XL: |  1  2  3  4  5 |
---------------+----------------+-----
Dodging        | 3 4 5 |  5.2
Ranged Weapons | 6 |  6.3
Fighting       | 2 |  2.1
Stealth        | |  1.5

Action                     |  1- 3 |  4- 6 || total
---------------------------+-------+-------++-------
   Fire: Shortbow          |    54 |   102 ||   156
    Use: Scroll            |     1 |     5 ||     6
 Armour: Robe              |     5 |    10 ||    15
  Dodge: Dodged            |    10 |    44 ||    54

Table legend:
 A = Non-vault XP
 B = Vault XP
 C = Vault XP percentage of total XP
 D = Non-vault monster count
 E = Vault monster count
 F = Vault count percentage of total count
                 A         B        C        D         E       F
            +---------+---------+-------+---------+---------+-------
      Total |     220 |     312 |  58.6 |      44 |      12 |  21.4
            +---------+---------+-------+---------+---------+-------
        D:1 |      19 |       0 |   0.0 |      12 |       0 |   0.0
        D:2 |      69 |     270 |  79.6 |      23 |      11 |  32.4
        D:3 |     132 |      42 |  24.1 |       9 |       1 |  10.0
            +---------+---------+-------+---------+---------+-------
